 Seeded DCSS version 0.30-a0-358-g0d69a1922f (webtiles) character file.

Game seed: 12371564671554323536 (custom seed)

63 purpskrrrp the Cudgeller (level 3, -1/31 HPs)
             Began as a Minotaur Fighter on Nov 9, 2022.
             Killed from afar by Natasha (12 damage)
             ... with a bolt of dispelling energy
             ... on level 2 of the Dungeon.
             The game lasted 00:01:24 (1146 turns).

purpskrrrp the Cudgeller (Minotaur Fighter)         Turns: 1146, Time: 00:01:24

Health: -1/31      AC:  8    Str: 22    XL:     3   Next: 87%
Magic:  2/2        EV:  9    Int:  5    God:
Gold:   13         SH:  4    Dex:  9    Spells: 2/2 levels left

rFire   . . .      SeeInvis .    a - +0 flail
rCold   . . .      Faith    .    c - +0 buckler
rNeg    . . .      Spirit   .    b - +0 scale mail
rPois   .          Reflect  .    (helmet restricted)
rElec   .          Harm     .    g - +0 cloak
rCorr   .          Rampage  .    (no gloves)
Will    .....                    (no boots)
Stlth   ..........               (no amulet)
HPRegen 0.25/turn                (no ring)
MPRegen 0.08/turn                (no ring)

@: mighty, slowed, very slow
A: horns 2, retaliatory headbutt
a: no special abilities


You were on level 2 of the Dungeon.
You visited 1 branch of the dungeon, and saw 2 of its levels.

You collected 13 gold pieces.

Inventory:

Hand Weapons
 a - a +0 flail (weapon)
Armour
 b - a +0 scale mail (worn)
 c - a +0 buckler (worn)
 g - a +0 cloak (worn)
Scrolls
 e - a scroll of vulnerability {unknown}
 f - 3 scrolls of identify {unknown}
 h - a scroll of teleportation {unknown}
Potions
 i - a potion of flight {unknown}


   Skills:
 - Level 3.6 Fighting
 + Level 5.1 Maces & Flails
 - Level 3.6 Armour
 - Level 3.6 Shields


You had 2 spell levels left.
You didn't know any spells.
Your spell library was empty.

Dungeon Overview and Level Annotations

Branches:
Dungeon (2/15)

Altars:

Shops:
D:1 [*[

Annotations:
D:2 Natasha


Innate Abilities, Weirdness & Mutations

You have a pair of horns on your head.
You reflexively headbutt those who attack you in melee.


Message History

The bolt of dispelling energy misses you.
Natasha claws you but does no damage.
You hit Natasha. Your headbutt misses Natasha.
Natasha is moderately wounded.
Natasha stares at you and mumbles some strange words.
You feel yourself slow down.
You closely miss Natasha.
Natasha is moderately wounded.
Natasha casts a spell.
Natasha casts a spell at you. The magic dart hits you!
You are too injured to fight recklessly!
You are too injured to fight recklessly!
You are too injured to fight recklessly!
You are too injured to fight recklessly!
You are too injured to fight recklessly!
You are too injured to fight recklessly!
You are too injured to fight recklessly!
You are too injured to fight recklessly!
You are too injured to fight recklessly!
You are too injured to fight recklessly!
You are too injured to fight recklessly!
You are too injured to fight recklessly!
You are too injured to fight recklessly!
You are too injured to fight recklessly!
You are too injured to fight recklessly!
You are too injured to fight recklessly!
You are too injured to fight recklessly!
You are too injured to fight recklessly!
You are too injured to fight recklessly!
You are too injured to fight recklessly!
You hit Natasha but do no damage. Your headbutt misses Natasha.
Natasha is moderately wounded.
Natasha misses you. You furiously retaliate!
You headbutt Natasha. Natasha barely misses you.
You feel very mighty all of a sudden. The crimson imp barely misses you.
You furiously retaliate!
You headbutt the crimson imp!
Natasha zaps a wand.
The bolt of dispelling energy hits you!
Your magical effects are unravelling.
You die...

#.....# #######.....#
#.....'.....#
#....##.....#
#....##.....#
#....##.....#
#....##.....######
'....##..........##'####
.....#####......@h......
.>...# ##.....5.......
..#### #.............
### #......##+#... #
#####+## ## # # # #


You could see Natasha and a crimson imp (summoned).

Vanquished Creatures
  Natasha (D:2)
  A dart slug (D:2)
  7 bats
  5 endoplasms (D:1)
  A giant cockroach (D:1)
  3 goblins (D:1)
  2 hobgoblins (D:1)
  4 jackals (D:1)
  5 kobolds (D:1)
  2 frilled lizards (D:1)
31 creatures vanquished.

Notes
Turn   | Place    | Note
-------+----------+-------------------------------------------
     0 | D:1      | purpskrrrp the Minotaur Fighter began the quest for the
                  | Orb.
     0 | D:1      | Reached XP level 1. HP: 19/19 MP: 0/0
   119 | D:1      | Found Yroa's Assorted Antiques.
   150 | D:1      | Reached skill level 3 in Maces & Flails
   215 | D:1      | Reached XP level 2. HP: 20/26 MP: 1/1
   322 | D:1      | Found Zeky's Armour Boutique.
   496 | D:1      | Reached skill level 4 in Maces & Flails
   599 | D:1      | Found Niwes's Armour Boutique.
   712 | D:1      | Reached XP level 3. HP: 30/31 MP: 2/2
  1111 | D:2      | Noticed Natasha
  1119 | D:2      | Killed Natasha
  1120 | D:2      | Reached skill level 5 in Maces & Flails
  1137 | D:2      | Noticed Natasha
  1146 | D:2      | Killed from afar by Natasha

Illustrated notes

Levels and vault maps discovered:
D:1:      dpeg_arrival_rhombi, layout_basic, serial_shops, shop_statue,
          nicolae_diamond_shop, shop, roderic_lattice_a
D:2:      layout_basic, uniq_natasha, uniq_robin

Skill      XL: |  1  2  3 |
---------------+----------+-----
Maces & Flails | 3 4 5 |  5.1
Fighting       | |  3.6
Armour         | |  3.6
Shields        | |  3.6

Action                   || total
-------------------------++-------
Melee: Flail             ||    70
       Headbutt          ||     8
  Use: Potion            ||     1
Armor: Scale mail        ||    37
Dodge: Dodged            ||    35
Block: Buckler           ||    16

Table legend: (Time is in decaauts)
 A = Elapsed time spent in this place.
 B = Non-inter-level travel time spent in this place.
 C = Inter-level travel time spent in this place.
 D = Time resting spent in this place.
 E = Time spent auto-exploring this place.
 F = Levels seen in this place.
 G = Mean time per level.
                   A        B        C        D        E       F      G
               +--------+--------+--------+--------+--------+-----+--------+
         Total |   1169 |   1135 |     34 |      0 |    943 |   2 |  584.5 |
       Dungeon |   1169 |   1135 |     34 |      0 |    943 |   2 |  584.5 |
               +--------+--------+--------+--------+--------+-----+--------+

Top non-repeatable levels by time:
     D:1: 1126 daAuts
     D:2: 43 daAuts
